 Dungeon Crawl Stone Soup version 0.30-a0-800-g7c54460 (webtiles) character file.

Game seed: 13190699923104209441

31700 Illumine the Thaumaturge (level 13, -13/98 HPs)
             Began as a Mummy Summoner on Feb 22, 2023.
             Was an Initiate of Gozag.
             Mangled by an elephant (14 damage)
             ... on level 3 of the Lair of Beasts.
             The game lasted 00:39:09 (17984 turns).

Illumine the Thaumaturge (Mummy Summoner)          Turns: 17984, Time: 00:39:10

Health: -13/98     AC:  9    Str: 11    XL:     13   Next: 27%
Magic:  21/28      EV: 21    Int: 18    God:    Gozag
Gold:   669        SH:  0    Dex: 19    Spells: 1/34 levels left

rFire   . . .      SeeInvis .    I - +4 eveningstar (freeze)
rCold   + . .      Faith    +    (no shield)
rNeg    + + +      Spirit   .    n - +2 robe of Lauppoth {rPois Dex+5}
rPois   ∞          Reflect  .    i - +0 helmet
rElec   .          Harm     .    (no cloak)
rCorr   .          Rampage  .    d - +0 pair of gloves
Will    +....                    m - +2 pair of boots
Stlth   ++                       (no amulet)
HPRegen 0.36/turn                g - +5 ring of evasion
MPRegen 0.21/turn                o - ring of protection from fire

@: gold aura
A: cold resistance 1, negative energy resistance 3, torment resistance 2, heat
vulnerability 1, in touch with death 2, no potions, faith
a: Renounce Religion, Potion Petition, Call Merchant, Bribe Branch


You were on level 3 of the Lair of Beasts.
You worshipped Gozag.
Gozag was pleased with you.
You visited 3 branches of the dungeon, and saw 15 of its levels.
You also visited: Bailey.

You collected 3104 gold pieces.
You spent 1040 gold pieces at shops.
You paid 1395 gold pieces to Gozag.

Inventory:

Hand Weapons
 b - a +0 dagger
 k - a +0 sling
 p - a +0 dagger of pain
 t - a +6 flail
 z - a +2 long sword of flaming
 I - a +4 eveningstar of freezing (weapon)
Missiles
 e - 45 poisoned darts
 q - 2 throwing nets
 G - 8 silver javelins
Armour
 d - a +0 pair of gloves (worn)
 i - a +0 helmet (worn)
 m - a +2 pair of boots (worn)
 n - the +2 robe of Lauppoth (worn) {rPois Dex+5}
   (You found it on level 4 of the Dungeon)

   Dex:       It affects your dexterity (+5).
   rPois:     It protects you from poison.
Jewellery
 a - a +6 ring of strength
 g - a +5 ring of evasion (left hand)
 h - a ring of see invisible
 j - a ring of fire
 o - a ring of protection from fire (right hand)
 E - a ring of protection from cold
Wands
 s - a wand of roots (17)
 y - a wand of charming (10)
 B - a wand of flame (29)
 C - a wand of polymorph (7)
Scrolls
 c - 8 scrolls of immolation
 f - 7 scrolls of summoning
 l - 2 scrolls of fog
 r - 6 scrolls of teleportation
 u - a scroll of magic mapping
 v - 5 scrolls of enchant armour
 w - a scroll of torment
 x - 4 scrolls of vulnerability
 A - 2 scrolls of poison
 D - a scroll of amnesia
 F - a scroll of enchant weapon
 H - 4 scrolls of identify
 J - a scroll of noise {unknown}
 K - a scroll of blinking {unknown}


   Skills:
 + Level 8.1 Fighting
 - Level 5.0 Maces & Flails
 + Level 7.1 Dodging
 - Level 1.6 Stealth
 - Level 11.0 Spellcasting
 + Level 2.4 Conjurations
 - Level 4.0 Hexes
 + Level 10.3 Summonings
 - Level 5.0 Necromancy
 - Level 4.0 Translocations
 - Level 4.1 Air Magic
 + Level 4.5 Earth Magic
 - Level 2.0 Evocations


You had one spell level left.
You knew the following spells:

 Your Spells              Type           Power      Damage    Failure   Level
a - Summon Small Mammal   Summ           100%       N/A       1%          1
b - Call Imp              Summ           47%        N/A       1%          2
c - Call Canine Familiar  Summ           47%        N/A       1%          3
d - Summon Guardian Gole  Hex/Summ       35%        N/A       1%          3
e - Summon Lightning Spi  Summ/Air       36%        N/A       3%          4
f - Blink                 Tloc           48%        N/A       1%          2
g - Borgnjor's Vile Clut  Necr/Erth      28%        N/A       28%         5
h - Spellforged Servitor  Conj/Summ      16%        N/A       99%         7
i - Iron Shot             Conj/Erth      11%        9d3       95%         6

Your spell library contained the following spells:

 Spells                   Type           Power      Damage    Failure   Level
 Foxfire                  Conj/Fire      56%        2x1d6     4%          1
 Freeze                   Ice            36%        1d5       7%          1
 Hailstorm                Conj/Ice       14%        3d5       13%         3
 Manifold Assault         Tloc           24%        N/A       14%         4
 Frozen Ramparts          Ice            18%        1d3       22%         3
 Petrify                  Tmut/Erth      18%        N/A       28%         4
 Iskenderun's Battlesphe  Conj           18%        2d7       58%         5
 Metabolic Englaciation   Hex/Ice        8%         N/A       65%         5
 Fireball                 Conj/Fire      7%         3d5       77%         5
 Alistair's Intoxication  Tmut/Pois      6%         N/A       89%         5
 Eringya's Noxious Bog    Tmut/Pois      4%         N/A       100%        6
 Starburst                Conj/Fire      7%         6d4       100%        6
 Statue Form              Tmut/Erth      Unusable   N/A       N/A         6
 Storm Form               Tmut/Air       Unusable   N/A       N/A         7

Dungeon Overview and Level Annotations

Branches:
Dungeon (11/15)            Temple (1/1) D:6            Lair (3/5) D:9
 Shoals (0/4) Lair:2        Snake (0/4) Lair:2       Bailey (visited)
    Orc: D:9-12

Altars:
Ashenzari
Cheibriados
Dithmenos
Fedhas
Gozag
Hepliaklqana
Kikubaaqudgha
Makhleb
Nemelex Xobeh
Okawaru
Qazlal
Ru
Sif Muna
Trog
Uskayaw
Vehumet
Wu Jian
Xom
Yredelemnul

Shops:
D:5 (   D:6 (   D:7 ![!![   D:8 (([=   Lair:1 =:

Annotations:
Temple 2 transporters
Lair:1 2 transporters, Jakurphehe's ghost, journeyman HuMo


Innate Abilities, Weirdness & Mutations

You are immune to poison.
Your flesh is cold resistant. (rC+)
You are immune to negative energy. (rN+++)
You are immune to unholy pain and torment.
You are vulnerable to heat. (rF-)
You are strongly in touch with the powers of death.
You do not drink.
You have a special connection with the divine. (Faith)


Message History

Your lightning spire shoots out a bolt of lightning at the blink frog!
The bolt of electricity misses the water moccasin.
The bolt of electricity hits the blink frog!
The blink frog blinks!
The blink frog gives a loud, deep croak!
You hear a trumpeting! x2; You hear a howl!
You are too injured to fight recklessly!
You puncture the elephant! You freeze the elephant.
The elephant is heavily wounded.
You are engulfed in blazing flames.
* * * LOW HITPOINT WARNING * * *
Your hound closely misses the blink frog.
The blink frog is engulfed in blazing flames.
The blink frog dies!
The elephant is engulfed in blazing flames.
The elephant is distracted by your dazzling golden aura.
The elephant is engulfed in blazing flames.
The elephant tramples you.
* * * LOW HITPOINT WARNING * * *
You hold your ground!
The elephant barely misses you.
The blink frog blinks!
The blink frog hits your hound!
Your hound misses the blink frog.
The water moccasin is distracted by your dazzling golden aura.
The elephant is engulfed in blazing flames.
The elephant trumpets!
The elephant is engulfed in blazing flames.
The elephant tramples you.
* * * LOW HITPOINT WARNING * * *
You stumble backwards!
The blink frog hits your hound!
Your hound dies!
Your hound's corpse disappears in a puff of smoke!
The blink frog barely misses you.
You puncture the elephant! You freeze the elephant.
The elephant is severely wounded.
The blink frog misses you.
Your lightning spire shoots out a bolt of lightning at the blink frog!
The bolt of electricity misses the blink frog.
The elephant is engulfed in blazing flames. x2
The elephant tramples you!
You die...
Your body crumbles into a pile of gold.

##### ###### ####
#.#.##########.$..###...#
.........................
..............§.......F..
.................F.......
...............8.S§......
................@Y°Y.....
...............F..§...$..
.........................
..##.###..#....##.#§.#.##
.#.### ############### .#
..## # ..# .## .## ####
##


You could see 2 elephants, 3 blink frogs, a water moccasin (distracted) and a
friendly lightning spire (summoned).

Vanquished Creatures
  A skyshark (Lair:3)
  An orc knight (Bailey)
  Maurice (D:8)
  4 elephants
  A molten gargoyle (Lair:2)
  2 cane toads (Lair:3)
  A komodo dragon (D:11)
  A dream sheep (Lair:3)
  2 blink frogs (Lair:3)
  A shadow (D:11)
  A vampire (D:8)
  9 yaks
  2 vampire mosquitoes (D:11)
  2 water moccasins
  2 orc warriors (Bailey)
  23 wolves
  3 centaurs (D:7)
  2 kobold brigands
  2 bullfrogs
  5 wights
  A howler monkey (D:5)
  A jelly (D:5)
  3 orc wizards
  A hell rat (Lair:2)
  2 gnolls (D:4)
  An adder (D:5)
  A white imp (D:4)
  9 orcs
  A bat (D:1)
  A giant cockroach (D:1)
  4 goblins
  3 hobgoblins
  9 kobolds
  2 quokkas
  A frilled lizard (D:1)
  2 rats
108 creatures vanquished.

Vanquished Creatures (collateral kills)
  Erolcha (D:11)
  A hydra (Lair:3)
  2 two-headed ogres
  Urug (Lair:1)
  3 elephants
  5 black mambas
  A gargoyle (D:11)
  3 cane toads
  Psyche (D:9)
  2 polar bears (D:11)
  4 blink frogs (Lair:3)
  4 dream sheep (Lair:3)
  Prince Ribbit (D:5)
  A snapping turtle (Lair:2)
  2 wyverns (Lair:2)
  19 yaks
  A wraith (D:11)
  A basilisk (Lair:3)
  4 vampire mosquitoes (D:11)
  A naga (Lair:2)
  3 water moccasins
  6 orc warriors (Bailey)
  A black bear (D:6)
  An ogre (D:6)
  9 wolves
  A centaur (D:8)
  A phantom (D:6)
  A kobold brigand (D:6)
  4 bullfrogs
  A necrophage (D:6)
  2 scorpions
  5 wights
  5 killer bees (D:11)
  3 electric eels
  2 howler monkeys
  A lava snake (Lair:2)
  2 jellies
  2 orc priests (D:6)
  2 hounds
  2 iguanas (D:7)
  3 orc wizards
  2 hell rats (Lair:2)
  8 gnolls
  4 adders
  A white imp (D:7)
  A dart slug (D:1)
  36 orcs
  5 bats
  2 endoplasms
  2 giant cockroaches
  5 goblins
  5 hobgoblins
  9 kobolds
  6 quokkas
  7 ball pythons
  2 frilled lizards
  2 rats
212 creatures vanquished.

Vanquished Creatures (others)
  A two-headed ogre (D:10)
  An orc knight (Bailey)
  An elephant (Lair:3)
  Maggie (D:6)
  2 komodo dragons
  A blink frog (Lair:3)
  2 dream sheep (Lair:3)
  A hornet (D:8)
  7 yaks
  Grum (D:8)
  A vampire mosquito (D:11)
  2 steam dragons
  A naga (Lair:2)
  A water moccasin (Lair:2)
  2 orc warriors (Bailey)
  2 black bears
  3 wolves
  A bullfrog (Lair:2)
  4 wights (D:5)
  An orc priest (D:7)
  A gnoll bouda (D:10)
  A hell rat (Lair:2)
  A shadow imp (D:8)
  4 orcs
  17 fungi
  78 plants
  4 toadstools (D:1)
142 creatures vanquished.

Grand Total: 462 creatures vanquished

Notes
Turn   | Place    | Note
-------+----------+-------------------------------------------
     0 | D:1      | Illumine the Mummy Summoner began the quest for the Orb.
     0 | D:1      | Reached XP level 1. HP: 13/13 MP: 4/4
   110 | D:1      | Reached skill level 3 in Spellcasting
   208 | D:1      | Reached XP level 2. HP: 15/19 MP: 3/6
   240 | D:1      | Learned a level 2 spell: Call Imp
   751 | D:1      | Found a faded altar of an unknown god.
   923 | D:1      | Gained mutation: You are in touch with the powers of death.
                  | [Mummy growth]
   923 | D:1      | Reached XP level 3. HP: 24/24 MP: 4/8
  1080 | D:2      | Learned a level 3 spell: Call Canine Familiar
  1784 | D:2      | Reached skill level 4 in Spellcasting
  2325 | D:3      | Reached XP level 4. HP: 30/30 MP: 6/10
  2449 | D:3      | Found a burning altar of Makhleb.
  2619 | D:3      | Found a broken altar of Ashenzari.
  2621 | D:3      | Found a shimmering altar of Xom.
  2621 | D:3      | Found a burning altar of Makhleb.
  2621 | D:3      | Found an opulent altar of Gozag.
  2731 | D:4      | Noticed a black bear
  2782 | D:3      | Learned a level 3 spell: Summon Guardian Golem
  2802 | D:4      | Identified the +2 robe of Lauppoth {rPois Dex+5}
  3207 | D:4      | Reached XP level 5. HP: 24/35 MP: 2/11
  3326 | D:5      | Entered Level 5 of the Dungeon
  3367 | D:5      | Noticed Prince Ribbit
  3368 | D:5      | Reached skill level 1 in Hexes
  3372 | D:5      | Reached skill level 5 in Spellcasting
  3372 | D:5      | Reached skill level 5 in Summonings
  3372 | D:5      | Reached XP level 6. HP: 28/41 MP: 6/13
  3493 | D:6      | Reached XP level 7. HP: 46/46 MP: 7/15
  3796 | D:6      | Reached skill level 6 in Spellcasting
  3938 | D:6      | Found a staircase to the Ecumenical Temple.
  3946 | Temple   | Entered the Ecumenical Temple
  3946 | Temple   | Found a transporter.
  3946 | Temple   | Found a transporter.
  3948 | Temple   | Found a transporter.
  3948 | Temple   | Found a transporter.
  3959 | Temple   | Became a worshipper of Gozag Ym Sagoz the Greedy
  4158 | D:5      | Reached XP level 8. HP: 52/52 MP: 8/17
  4312 | D:5      | Killed Prince Ribbit
  4394 | D:5      | Reached skill level 7 in Spellcasting
  4469 | D:5      | Learned a level 4 spell: Summon Lightning Spire
  4687 | D:5      | Found Qan Fek's Antique Weapon Emporium.
  4813 | D:5      | Found a broken altar of Ashenzari.
  4897 | D:5      | Found a shimmering blue altar of Sif Muna.
  5108 | D:4      | Reached skill level 1 in Fighting
  5375 | D:4      | Reached skill level 1 in Air Magic
  6012 | D:6      | Reached XP level 9. HP: 41/61 MP: 13/20
  6111 | D:6      | Found Inlapob's Weapon Emporium.
  6172 | D:6      | Noticed Maggie
  6219 | D:6      | Killed Maggie
  6591 | D:7      | Found Cemig's Distillery.
  6671 | D:7      | Found Pyceubbudu's Distillery.
  6804 | D:7      | Found Reapn's Armour Emporium.
  6911 | D:7      | Reached skill level 8 in Spellcasting
  7317 | D:7      | Found Wabios's Distillery.
  7395 | D:7      | Found Jiotsoe's Armour Emporium.
  7925 | D:8      | Noticed Grum
  7940 | D:8      | Killed Grum
  7952 | D:8      | Noticed Maurice
  7980 | D:8      | Killed Maurice
  8139 | D:8      | Found Oduibb's Antique Armour Boutique.
  8192 | D:8      | Found Arefraly's Antique Weapon Shop.
  8204 | D:8      | Found Yginuece's Jewellery Emporium.
  8275 | D:8      | Found Esirgh's Antique Weapon Boutique.
  8527 | D:8      | Noticed a two-headed ogre
  8546 | D:8      | Killed a two-headed ogre
  8547 | D:8      | Reached XP level 10. HP: 71/71 MP: 11/22
  9057 | D:9      | Reached skill level 9 in Spellcasting
  9574 | D:9      | Found a staircase to the Lair.
  9680 | D:9      | Noticed a two-headed ogre
  9698 | D:9      | Killed a two-headed ogre
  9790 | D:9      | Learned a level 2 spell: Blink
  9830 | D:9      | Noticed Psyche
  9845 | D:9      | Killed Psyche
  9846 | D:9      | Reached skill level 5 in Fighting
 10138 | Lair:1   | Entered Level 1 of the Lair of Beasts
 10271 | Lair:1   | Found a transporter.
 10275 | Lair:1   | Noticed a cane toad
 10449 | Lair:1   | Noticed a cane toad
 10459 | Lair:1   | Noticed Jakurphehe's ghost (journeyman HuMo)
 10513 | Lair:1   | Noticed Urug
 10530 | Lair:1   | Killed Urug
 10623 | Lair:1   | Reached XP level 11. HP: 80/80 MP: 14/24
 10698 | Lair:1   | Reached skill level 1 in Translocations
 10833 | Lair:1   | Found a transporter.
 10909 | Lair:1   | Reached skill level 1 in Maces & Flails
 10909 | Lair:1   | Reached skill level 5 in Dodging
 11050 | Lair:1   | Reached skill level 10 in Spellcasting
 11092 | Lair:1   | Noticed a skyshark
 12161 | Lair:2   | Found a staircase to the Snake Pit.
 12349 | Lair:2   | Found a staircase to the Shoals.
 12369 | Lair:2   | Reached skill level 10 in Summonings
 12506 | Lair:1   | Bought Great Wizards, Vol. II for 494 gold pieces
 12513 | Lair:1   | Learned a level 5 spell: Borgnjor's Vile Clutch
 12988 | Lair:3   | Noticed an eight-headed hydra
 13117 | D:10     | Entered Level 10 of the Dungeon
 13333 | D:10     | Reached skill level 1 in Necromancy
 13344 | D:10     | You fall into a shaft and drop 1 floor!
 13370 | D:10     | Noticed a two-headed ogre
 13377 | D:10     | Killed a two-headed ogre
 13378 | D:10     | Reached skill level 1 in Earth Magic
 13410 | D:10     | Found a flagged portal.
 13417 | Bailey   | Entered a bailey
 13725 | Bailey   | Noticed an orc knight
 13728 | Bailey   | Noticed an orc knight
 13733 | Bailey   | Killed an orc knight
 13734 | Bailey   | Killed an orc knight
 14378 | D:10     | Reached skill level 1 in Evocations
 14972 | D:11     | Reached XP level 12. HP: 81/89 MP: 19/26
 15114 | D:11     | Noticed Erolcha
 15167 | D:11     | Killed Erolcha
 15206 | D:11     | Reached skill level 11 in Spellcasting
 15865 | D:11     | Noticed an ice dragon
 16019 | Lair:3   | Killed an eight-headed hydra
 16712 | Lair:1   | Bought a book of Power for 546 gold pieces
 16720 | Lair:1   | Learned a level 7 spell: Spellforged Servitor
 16727 | Lair:1   | Learned a level 6 spell: Iron Shot
 16844 | Lair:3   | Reached skill level 1 in Conjurations
 17191 | Lair:3   | Gained mutation: You are strongly in touch with the powers
                  | of death. [Mummy growth]
 17191 | Lair:3   | Reached XP level 13. HP: 87/98 MP: 24/28
 17287 | Lair:3   | Reached skill level 5 in Necromancy
 17975 | Lair:3   | Reached skill level 5 in Maces & Flails
 17983 | Lair:3   | HP: 2/98 [elephant (5)]
 17984 | Lair:3   | Mangled by an elephant

Illustrated notes

Levels and vault maps discovered:
D:1:      ldierk_walled_garden_2, layout_basic,
          shapermc_ecumenical_altar_pompeii
D:2:      layout_basic
D:3:      layout_rooms, doesnt_xom_only_xom
D:4:      layout_loops_ring, minmay_crossroads
D:5:      layout_loops_cross, mainiacjoe_overflow_catch_the_wave, serial_shops,
          nicolae_shop_window_shopping, grunt_decor_junction,
          uniq_prince_ribbit1
D:6:      minmay_spotlight, layout_loops_ring, minmay_temple_entry_proselytizer,
          serial_shops, kennysheep_little_box, uniq_maggie
D:7:      layout_rooms, serial_shops, kennysheep_mini_moat, shop, shop,
          nicolae_shop_temple_entry_statues_fountains, shop, serial_rivers,
          chequers_serial_rivers_micro_a, chequers_serial_rivers_large_b,
          chequers_serial_rivers_small_3, chequers_serial_rivers_micro_e,
          chequers_serial_rivers_marsh, dk_noncrumbling_3
D:8:      layout_basic, serial_shops, nicolae_shop_window_shopping,
          nicolae_take_the_stairs, shop_fountains, nicolae_inconvenience_store,
          uniq_maurice, uniq_grum
D:9:      layout_cave_pools, lair_entry_dummy, uniq_psyche
D:10:     layout_loops_ring, enter_bailey_1
D:11:     layout_basic, portal_ice_cave_entry_animals_and_master, uniq_erolcha
Temple:   hellmonk_temple_divided_pantheon
Lair:1:   layout_long_grid, nzn_ghost_randoct, serial_bayou_ford_a,
          grunt_megastairs_3, uniq_urug
Lair:2:   layout_gridlike, minmay_shoals_entry_hut, guppyfry_snake_entry_island,
          amcnicky_mini_pool_medium
Lair:3:   layout_big_grid, grunt_forest_large_clearings, grunt_megastairs_4

Skill      XL: |  1  2  3  4  5  6  7  8  9 10 11 12 13 |
---------------+----------------------------------------+-----
Spellcasting   | 3 4 5 6 7 8 9 10 11 | 11.0
Summonings     | 4 5 6 7 8 9 10 | 10.3
Hexes          | 1 2 3 4 |  4.0
Fighting       | 1 4 5 6 7 8 |  8.1
Dodging        | 2 3 4 5 6 7 |  7.1
Air Magic      | 1 3 4 |  4.1
Translocations | 3 4 |  4.0
Maces & Flails | 3 4 5 |  5.0
Necromancy     | 2 4 5 |  5.0
Earth Magic    | 2 4 |  4.5
Evocations     | 1 2 |  2.0
Conjurations   | 1 2 |  2.4
Stealth        | |  1.6

Action                     |  1- 3 |  4- 6 |  7- 9 | 10-12 | 13-15 || total
---------------------------+-------+-------+-------+-------+-------++-------
  Melee: Dagger            |    79 |       |       |       |       ||    79
         Unarmed           |     4 |       |       |       |       ||     4
         Flail             |       |       |    58 |    28 |       ||    86
         Punch             |       |       |     1 |     1 |       ||     2
         Eveningstar       |       |       |       |   192 |    50 ||   242
   Fire: Sling             |     3 |    23 |    11 |       |       ||    37
   Cast: Summon Small Mamm |    53 |    16 |    10 |       |       ||    79
         Call Imp          |    26 |    16 |    30 |     5 |       ||    77
         Call Canine Famil |     2 |     6 |    40 |    71 |     6 ||   125
         Summon Guardian G |       |     1 |    21 |    53 |     7 ||    82
         Summon Lightning  |       |       |     5 |    78 |    10 ||    93
         Blink             |       |       |       |     1 |       ||     1
 Invoke: Call Merchant     |       |       |       |     2 |       ||     2
  Evoke: Wand              |       |       |     2 |     9 |       ||    11
    Use: Scroll            |       |     2 |       |    16 |       ||    18
   Stab: Sleeping          |     3 |       |     1 |       |       ||     4
         Distracted        |     1 |       |       |    11 |     3 ||    15
 Armour: Robe              |    21 |     5 |    42 |    71 |     8 ||   147
  Dodge: Dodged            |   103 |    40 |   150 |   438 |    66 ||   797

Table legend: (Time is in decaauts)
 A = Elapsed time spent in this place.
 B = Non-inter-level travel time spent in this place.
 C = Inter-level travel time spent in this place.
 D = Time resting spent in this place.
 E = Time spent auto-exploring this place.
 F = Levels seen in this place.
 G = Mean time per level.
                   A        B        C        D        E       F      G
               +--------+--------+--------+--------+--------+-----+--------+
         Total |  18175 |  17124 |   1051 |   1887 |  11095 |  16 | 1135.9 |
       Dungeon |  12265 |  11583 |    682 |   1199 |   7607 |  11 | 1115.0 |
        Temple |     26 |     19 |      7 |      0 |      0 |   1 |   26.0 |
          Lair |   5196 |   4835 |    361 |    537 |   3160 |   3 | 1732.0 |
        Bailey |    686 |    686 |      0 |    151 |    328 |   1 |  686.0 |
               +--------+--------+--------+--------+--------+-----+--------+

Top non-repeatable levels by time:
  Lair:2: 2347 daAuts
     D:8: 1742 daAuts
  Lair:3: 1620 daAuts
     D:6: 1341 daAuts
     D:5: 1266 daAuts
     D:4: 1239 daAuts
  Lair:1: 1228 daAuts
     D:7: 1161 daAuts
    D:11: 1105 daAuts
     D:1: 1080 daAuts
     D:2: 919 daAuts
    D:10: 892 daAuts
     D:9: 782 daAuts
     D:3: 734 daAuts
  Bailey: 686 daAuts
